 Dungeon Crawl Stone Soup version 0.30-a0-457-g4b7bca3bfa (webtiles) character file.

Game seed: 14531114932706796285

72 CrazyBamboolord the Gusty (level 4, 0/24 HPs)
             Began as a Tengu Air Elementalist on Dec 13, 2022.
             Slain by a hobgoblin (2 damage)
             ... on level 2 of the Dungeon.
             The game lasted 00:03:04 (1388 turns).

CrazyBamboolord the Gusty (Tengu Air Elementalist)  Turns: 1388, Time: 00:03:04

Health: 0/24       AC:  2    Str:  8    XL:     4   Next: 26%
Magic:  8/8        EV: 12    Int: 17    God:
Gold:   83         SH:  0    Dex: 15    Spells: 2/8 levels left

rFire   . . .      SeeInvis .    (no weapon)
rCold   . . .      Faith    .    (no shield)
rNeg    . . .      Spirit   .    a - +0 robe
rPois   .          Reflect  .    (helmet restricted)
rElec   .          Harm     .    (no cloak)
rCorr   .          Rampage  .    (no gloves)
Will    .....                    (boots unavailable)
Stlth   +.........               (no amulet)
HPRegen 0.24/turn                (no ring)
MPRegen 0.11/turn                (no ring)

@: confused, ambrosia-drunk
A: beak, talons 3
a: no special abilities


You were on level 2 of the Dungeon.
You visited 1 branch of the dungeon, and saw 2 of its levels.

You collected 83 gold pieces.

Inventory:

Armour
 a - a +0 robe (worn)
Jewellery
 e - an amulet of reflection
Scrolls
 d - a scroll of vulnerability
 f - a scroll of identify
 g - 2 scrolls of amnesia {unknown}
 h - a scroll of noise {unknown}
 i - a scroll of teleportation {unknown}
Potions
 b - a potion of magic


   Skills:
 * Level 2.6 Dodging
 * Level 2.3 Stealth
 * Level 2.5 Spellcasting
 * Level 2.6 Conjurations
 * Level 5.1 Air Magic


You had 2 spell levels left.
You knew the following spells:

 Your Spells              Type           Power      Damage    Failure   Level
a - Shock                 Conj/Air       60%        1d6       3%          1
b - Static Discharge      Conj/Air       30%        2-4/arc   5%          2
c - Swiftness             Air            19%        N/A       7%          3

Your spell library contained the following spells:

 Spells                   Type           Power      Damage    Failure   Level
 Airstrike                Air            9%         2d(2-18)  22%         4


Dungeon Overview and Level Annotations

Branches:
Dungeon (1/15)

Altars:

Annotations:
D:2 Sigmund


Innate Abilities, Weirdness & Mutations

You have a beak for a mouth.
You have claws for feet.


Message History

Found a dagger.
A hobgoblin comes into view.
Found a scroll labelled YGIERU OPUTE.
You see here a scroll labelled YGIERU OPUTE.
The hobgoblin shouts!
A magic dart appears from out of thin air!
The magic dart hits you.
You see here a scroll labelled YGIERU OPUTE.
i - a scroll labelled YGIERU OPUTE The hobgoblin attacks as you move away!
The hobgoblin closely misses you. The hobgoblin attacks as you move away!
The hobgoblin hits you. The hobgoblin attacks as you move away!
The hobgoblin barely misses you.
You hear some strange, mumbled words.
Something tries to affect you, but you resist.
Something hits you.
Found a stone staircase leading down.
The hobgoblin attacks as you move away! The hobgoblin barely misses you.
The hobgoblin attacks as you move away!
The hobgoblin hits you but does no damage.
The hobgoblin attacks as you move away! The hobgoblin hits you.
The hobgoblin attacks as you move away! The hobgoblin hits you.
The hobgoblin attacks as you move away! The hobgoblin hits you.
The hobgoblin attacks as you move away! The hobgoblin misses you.
Okay, then.
As you read the scroll labelled XOJAPH UTTEANA, it crumbles to dust.
It is a scroll of identify.
d - a scroll of vulnerability The hobgoblin hits you.
It was a potion of ambrosia.
You are confused.
You feel invigorated.
Sigmund hits you from afar with a +0 scythe!
* * * LOW HITPOINT WARNING * * *
The hobgoblin hits you but does no damage.
Okay, then.
You are too confused!
Sigmund hits you from afar with a +0 scythe.
* * * LOW HITPOINT WARNING * * *
The hobgoblin hits you.
You die...

...##.........#.....
...##.........#########.
...#######..............
...# #..#.........#
...#######..#........#
###..................####
........................#
........).##............#
......)...# #.##@.......#
....####### #.##g........
....#########.#@..######.
............{..>.##
....###########.......
##### ########


You could see Sigmund and a hobgoblin.

Vanquished Creatures
  Jessica (D:2)
  An adder (D:2)
  3 dart slugs
  4 bats (D:1)
  An endoplasm (D:1)
  4 goblins (D:1)
  4 hobgoblins (D:1)
  2 kobolds (D:1)
  2 quokkas (D:1)
  4 ball pythons (D:1)
  A frilled lizard (D:1)
  3 rats (D:1)
30 creatures vanquished.

Notes
Turn   | Place    | Note
-------+----------+-------------------------------------------
     0 | D:1      | CrazyBamboolord the Tengu Air Elementalist began the quest
                  | for the Orb.
     0 | D:1      | Reached XP level 1. HP: 10/10 MP: 4/4
   180 | D:1      | Reached XP level 2. HP: 15/15 MP: 4/6
   751 | D:1      | Reached XP level 3. HP: 19/19 MP: 5/7
  1155 | D:1      | You fall into a shaft and drop 1 floor!
  1187 | D:2      | Learned a level 2 spell: Static Discharge
  1191 | D:2      | Learned a level 3 spell: Swiftness
  1334 | D:2      | Noticed Jessica
  1339 | D:2      | Noticed Sigmund
  1344 | D:2      | Killed Jessica
  1345 | D:2      | Reached skill level 5 in Air Magic
  1345 | D:2      | Reached XP level 4. HP: 24/24 MP: 2/8
  1387 | D:2      | HP: 1/24 [Sigmund/+0 scythe (11)]
  1388 | D:2      | Slain by a hobgoblin

Illustrated notes

Levels and vault maps discovered:
D:1:      spicycebolla_arrival_xxxplode, layout_loops_ring, chequers_avenue,
          ebering_dispersal_statue_hall
D:2:      layout_basic, uniq_sigmund, uniq_jessica

Skill      XL: |  1  2  3 |
---------------+----------+-----
Conjurations   | 2 |  2.6
Air Magic      | 5 |  5.1
Dodging        | |  2.6
Stealth        | |  2.3
Spellcasting   | |  2.5

Action                   |  1- 3 |  4- 6 || total
-------------------------+-------+-------++-------
Melee: Unarmed           |     4 |       ||     4
       Kick              |     2 |       ||     2
 Cast: Shock             |    73 |       ||    73
  Use: Scroll            |       |     1 ||     1
       Potion            |       |     1 ||     1
Armor: Robe              |     3 |     2 ||     5
Dodge: Dodged            |    11 |     4 ||    15

Table legend: (Time is in decaauts)
 A = Elapsed time spent in this place.
 B = Non-inter-level travel time spent in this place.
 C = Inter-level travel time spent in this place.
 D = Time resting spent in this place.
 E = Time spent auto-exploring this place.
 F = Levels seen in this place.
 G = Mean time per level.
                   A        B        C        D        E       F      G
               +--------+--------+--------+--------+--------+-----+--------+
         Total |   1392 |   1392 |      0 |      0 |   1217 |   2 |  696.0 |
       Dungeon |   1392 |   1392 |      0 |      0 |   1217 |   2 |  696.0 |
               +--------+--------+--------+--------+--------+-----+--------+

Top non-repeatable levels by time:
     D:1: 1159 daAuts
     D:2: 232 daAuts
